Map: Catalyst LE

Players

uThermal - Winner!

  • Race: Terran Terran
  • Spawn Location: 5:00

Lambo

  • Race: Zerg Zerg
  • Spawn Location: 11:00

Event: WCS Valencia 2018

VOD

Have the link to the VOD?

Description

Time

  • Played on: July 12, 2018, 9:44 a.m.
  • Length: 9:42

All games in this series

Show
View Real Time Build Order
Export as new Build Order

uThermal Terran - Winner!

Build Orders: Reaper Expand, Hellion Banshee, MMM Bio 

Get SALT Encoding   

  12  0:01  SCV  
  13  0:13  SCV  
  14  0:17  Supply Depot  
  14  0:25  SCV  
  15  0:38  SCV  
  15  0:40  Barracks  
  16  0:43  Refinery  
  16  0:50  SCV  
  17  1:03  SCV  
  18  1:15  SCV  
  19  1:27  Reaper  
  19  1:28  Orbital Command  
  20  1:40  Command Center  
  20  1:51  Supply Depot  
  20  1:53  SCV  
  21  1:59  Marine  
  22  2:05  SCV  
  23  2:09  Factory  
  23  2:12  Refinery  
  23  2:17  SCV  
  23  2:20  Barracks Reactor  
  24  2:29  SCV  
  25  2:42  SCV  
  26  2:51  Orbital Command  
  26  2:54  SCV  
  26  2:55  Starport  
  27  3:00  Hellion x2  
  31  3:06  Barracks Tech Lab, SCV  
  31  3:09  Supply Depot  
  32  3:17  SCV  
  32  3:18  SCV  
  34  3:22  Hellion x2  
  38  3:29  SCV  
  38  3:30  SCV  
  40  3:38  Raven  
  42  3:42  Barracks Tech Lab  
  42  3:43  Hellion  
  42  3:44  Hellion  
  42  3:46  SCV  
  42  3:48  SCV  
  48  3:49  Supply Depot  
  48  3:58  SCV  
  48  4:00  SCV  
  50  4:03  Marine  
  50  4:08  Hellion  
  51  4:10  Hellion  
  51  4:11  SCV  
  51  4:12  SCV  
  51  4:15  Cloaking Field  
  50  4:21  Marine, Banshee  
  50  4:23  SCV  
  53  4:24  SCV  
  54  4:32  Command Center  
  54  4:36  SCV  
  54  4:37  SCV  
  56  4:38  Supply Depot  
  56  4:40  Marine  
  56  4:42  Stimpack  
  57  4:48  SCV  
  57  4:49  SCV  
  59  4:56  Factory Reactor  
  59  5:01  SCV  
  59  5:02  Marine  
  59  5:05  Banshee  
  56  5:08  SCV, Barracks  
  56  5:09  Barracks  
  56  5:13  SCV  
  58  5:19  Engineering Bay  
  58  5:20  Marine, Engineering Bay  
  57  5:22  SCV, Refinery x2  
  57  5:25  SCV  
  59  5:29  Barracks  
  59  5:30  Barracks  
  59  5:34  SCV  
  60  5:38  Supply Depot, SCV, Marine  
  62  5:46  Terran Infantry Armor Level 1, Terran Infantry Weapons Level 1, SCV  
  63  5:50  SCV  
  63  5:54  Orbital Command  
  64  5:57  Starport Reactor  
  64  5:58  SCV, Marine x2  
  64  5:59  Marine  
  64  6:04  SCV, Siege Tank  
  71  6:07  Marine x2  
  71  6:11  Supply Depot, SCV  
  75  6:15  Marine  
  75  6:16  SCV, Marine  
  75  6:17  Barracks Reactor  
  78  6:20  SCV  
  78  6:23  SCV  
  80  6:28  SCV, Marine  
  83  6:35  SCV  
  83  6:36  Armory  
  83  6:38  Barracks Reactor  
  83  6:39  Orbital Command  
  83  6:40  Marine  
  83  6:41  SCV, Marine x2  
  83  6:43  Medivac x2  
  83  6:45  Combat Shields  
  83  6:46  Supply Depot  
  91  6:47  Supply Depot  
  91  6:48  SCV  
  91  6:50  Marine x2  
  91  6:53  SCV  
  91  6:54  Siege Tank  
  98  7:00  SCV  
  98  7:01  Marine x2  
  101  7:05  SCV  
  101  7:07  Supply Depot  
  99  7:09  SCV  
  99  7:11  Marine  
  99  7:12  Supply Depot  
  99  7:13  Marine  
  99  7:15  SCV, Refinery  
  103  7:17  Marine  
  103  7:19  Marine x2, Refinery  
  106  7:26  SCV, Marine x2  
  106  7:28  Supply Depot  
  106  7:29  Medivac  
  111  7:31  Medivac  
  111  7:32  SCV  
  111  7:33  Marine  
  111  7:36  Marine  
  115  7:47  Marine x2  
  115  7:48  Marine x4  
  121  7:52  Marine  
  122  8:02  Siege Tank  
  122  8:03  Marine x2  
  122  8:05  Marine  
  127  8:07  Medivac  
  127  8:11  Medivac  
  127  8:12  Marine  
  129  8:18  Marine  
  129  8:19  Marine x2  
  117  8:20  Liberator, Marine x2  
  117  8:23  Marine x3  
  117  8:30  Marine  
  117  8:31  Factory  
  111  8:34  Siege Tank  
  111  8:36  Marine  
  111  8:37  Marine x2  
  111  8:38  Liberator, Marine x2  
  111  8:39  Command Center  
  122  8:41  Marine x3  
  122  8:48  Marine  
  125  8:54  Marine x3  
  129  8:55  Marine  
  129  8:56  Marine  
  129  8:58  Supply Depot  
  129  8:59  Marine x3  
  134  9:06  Marine, Siege Tank  
  138  9:12  Marine x2  
  138  9:13  Marine  
  138  9:14  Marine x2  
  129  9:18  Marine x2  
  129  9:19  Marine  
  129  9:24  Marine  
  129  9:27  Factory Tech Lab  
  129  9:30  SCV  
Show
View Real Time Build Order
Export as new Build Order

Lambo Zerg 

Build Orders: Hatch First 

Get SALT Encoding   

  12  0:00  Drone  
  13  0:12  Overlord  
  13  0:17  Drone  
  14  0:30  Drone x2  
  16  0:48  Hatchery  
  15  0:52  Drone  
  15  0:55  Drone  
  17  0:59  Drone  
  18  1:09  Extractor  
  17  1:14  Spawning Pool  
  17  1:17  Drone  
  17  1:21  Drone  
  18  1:28  Drone  
  19  1:38  Drone  
  20  1:49  Drone  
  21  2:00  Queen x2  
  25  2:01  Zergling x4  
  27  2:15  Hatchery  
  26  2:20  Overlord  
  26  2:22  Drone  
  27  2:30  Drone  
  28  2:37  Metabolic Boost  
  28  2:40  Spore Crawler  
  28  2:45  Drone x3  
  28  2:46  Drone  
  28  2:51  Queen  
  32  2:55  Overlord  
  34  3:02  Drone x2  
  36  3:16  Drone x2  
  36  3:18  Drone x2  
  36  3:19  Overlord  
  40  3:22  Drone  
  41  3:28  Queen  
  41  3:30  Overlord  
  41  3:32  Drone  
  44  3:38  Drone  
  44  3:40  Roach Warren, Drone  
  44  3:46  Drone x2  
  44  3:47  Extractor, Zergling x4  
  47  3:49  Extractor  
  47  3:50  Zergling x2  
  47  3:53  Drone x2  
  49  3:59  Drone x2  
  53  4:04  Drone  
  53  4:07  Drone  
  53  4:09  Drone x2  
  55  4:11  Drone  
  55  4:16  Drone x2  
  55  4:18  Queen  
  55  4:20  Lair  
  57  4:25  Drone x2  
  57  4:27  Drone  
  57  4:30  Baneling Nest  
  57  4:31  Drone  
  60  4:33  Drone x2  
  60  4:35  Drone  
  64  4:38  Zergling x2  
  64  4:41  Zergling x2  
  64  4:45  Spore Crawler, Drone  
  66  4:58  Drone x2  
  66  4:59  Drone x2  
  64  5:00  Drone  
  64  5:03  Drone  
  66  5:09  Extractor  
  66  5:10  Extractor, Drone x2  
  66  5:15  Overlord  
  66  5:22  Overlord  
  66  5:23  Evolution Chamber  
  66  5:24  Evolution Chamber  
  66  5:25  Drone x2  
  66  5:26  Overlord  
  66  5:31  Overlord  
  66  5:33  Centrifical Hooks, Queen  
  68  5:36  Drone x6  
  68  5:40  Overlord  
  68  5:42  Drone x3  
  77  5:43  Extractor, Hatchery  
  77  5:46  Drone  
  77  5:48  Drone  
  77  5:52  Zerg Ground Armor Level 1  
  77  5:53  Drone x3  
  77  5:55  Extractor  
  77  5:56  Drone  
  80  5:58  Zerg Melee Weapons Level 1  
  80  6:01  Drone x3  
  83  6:04  Queen  
  83  6:08  Drone x2  
  87  6:13  Zergling x10  
  87  6:14  Baneling  
  87  6:15  Baneling x2  
  87  6:18  Overseer  
  92  6:19  Zergling x6  
  92  6:24  Overseer, Spore Crawler  
  89  6:29  Drone x4  
  86  6:35  Drone x2  
  86  6:37  Drone x2  
  86  6:39  Drone x2  
  86  6:48  Drone x3  
  86  6:50  Drone x2  
  86  6:52  Drone  
  86  6:53  Drone x3  
  95  6:58  Drone x3  
  93  7:02  Drone x2  
  93  7:07  Baneling x7  
  95  7:08  Drone  
  95  7:09  Drone x2  
  95  7:12  Drone x3  
  95  7:15  Zergling x4  
  103  7:20  Hydralisk Den  
  103  7:21  Zergling x10  
  107  7:25  Zergling x4  
  109  7:32  Drone x3  
  109  7:33  Extractor  
  109  7:36  Zergling x2  
  112  7:37  Overlord  
  112  7:38  Overlord  
  112  7:41  Overlord  
  112  7:43  Overlord  
  110  7:45  Overlord  
  110  7:49  Overlord x2  
  110  7:51  Grooved Spines  
  110  7:53  Infestation Pit  
  110  7:58  Overlord  
  109  8:03  Zergling x20  
  116  8:05  Queen  
  116  8:08  Zergling x6  
  119  8:14  Zergling x6  
  119  8:17  Zergling x14  
  116  8:24  Zergling x8  
  116  8:25  Zergling x2  
  114  8:27  Zergling x6  
  114  8:31  Zergling x4  
  114  8:36  Hydralisk  
  116  8:42  Hydralisk, Baneling x7  
  116  8:43  Hydralisk x2, Baneling  
  116  8:45  Hydralisk x3  
  122  8:48  Hydralisk  
  118  8:55  Overseer  
  118  8:56  Hydralisk x2  
  118  8:57  Hydralisk x2  
  118  8:58  Overlord  
  118  9:01  Hydralisk x2  
  118  9:02  Zergling x2  
  130  9:04  Hydralisk  
  130  9:05  Zergling x2  
  130  9:06  Zergling x2  
  130  9:07  Baneling  
  133  9:11  Hydralisk x2  
  133  9:13  Zergling x2  
  133  9:15  Hydralisk  
  133  9:16  Zergling x2  
  123  9:18  Hydralisk  
  123  9:19  Zergling x2  
  123  9:20  Zergling x2  
  123  9:22  Zergling x4  
  111  9:24  Zergling x2  
  111  9:25  Zergling x2  
Tags
 
Add a new tag
Caveats
  • Supply blocks, unpowered buildings, or Contaminate may cause inaccurate times.
  • Supply counts are checked every 10 seconds.